 Dungeon Crawl Stone Soup version 0.16.1-16-gc44b35d (webtiles) character file.

484 Siriah the Ruffian (level 6, 0/50 HPs)
             Began as a Draconian Transmuter on Apr 18, 2015.
             Was an Initiate of Cheibriados.
             Slain by an orc
             ... wielding a +0 club
              (6 damage)
             ... on level 4 of the Dungeon.
             The game lasted 00:11:56 (3651 turns).

Siriah the Ruffian (Draconian Transmuter)           Turns: 3651, Time: 00:11:57

Health: 0/50       AC:  2    Str: 14    XL:     6   Next: 88%
Magic:  0/13       EV: 22    Int: 15    God:    Cheibriados [......]
Gold:   151        SH:  0    Dex: 23    Spells: 3 memorised, 5 levels left

rFire  . . .     SeeInvis .       - Unarmed
rCold  . . .     Clarity  +     (armour unavailable)
rNeg   . . .     SustAb   .     (shield currently unavailable)
rPois  x         Gourm    .     k - melded +2 hat
rElec  .         Spirit   .     (cloak currently unavailable)
rCorr  .         Warding  .     c - melded +0 pair of gloves
rMut   .         Stasis   .     (boots currently unavailable)
MR     .....                    n - amulet of clarity
Stlth  ++........               y - +2 ring of dexterity (curse)
                                r - +3 ring of dexterity

@: spider-form (expiring), very slightly contaminated, very slow, not resistant
to hostile enchantments, unstealthy
A: unfitting armour, (cold-blooded), AC +6
a: End Transformation, Bend Time, Renounce Religion


You were on level 4 of the Dungeon.
You worshipped Cheibriados.
Cheibriados was noncommittal.
You were hungry.
You were a venomous arachnid creature.
You visited 1 branch of the dungeon, and saw 6 of its levels.

You collected 151 gold pieces.

Inventory:

Missiles
 b - 23 arrows
 l - 38 bolts
 C - 3 tomahawks of returning (quivered)
Armour
 c - a +0 pair of gloves (melded)
 k - a +2 hat (melded)
Jewellery
 n - an amulet of clarity (around neck)
 o - an uncursed ring of ice
 r - a +3 ring of dexterity (left front leg)
 y - a cursed +2 ring of dexterity (right front leg)
Scrolls
 e - 4 scrolls of remove curse {unknown}
 g - 4 scrolls of identify {unknown}
 h - a scroll of noise {unknown}
 j - a scroll of magic mapping {unknown}
 m - 2 scrolls of random uselessness {unknown}
 q - a scroll of teleportation {unknown}
Potions
 i - a potion of restore abilities {unknown}
 p - a potion of poison {unknown}
 s - a potion of berserk rage {unknown}
 v - a potion of agility
 x - a potion of curing {unknown}
 z - a potion of lignification {unknown}
 A - a potion of resistance {unknown}
 B - 2 potions of ambrosia {unknown}
Books
 d - a book of Changes

   Spells                             Type                      Level
   a - Beastly Appendage              Transmutation                1
   b - Sticks to Snakes               Transmutation                2
   c - Spider Form                    Transmutation/Poison         3
   d - Ice Form                       Ice/Transmutation            4
   e - Blade Hands                    Transmutation                5
Comestibles
 a - 3 bread rations
 f - 2 beef jerkies
 t - a slice of pizza
 u - 3 meat rations
 w - a chunk of flesh


   Skills:
 + Level 2.4 Fighting
 + Level 3.3 Dodging
 + Level 0.2 Stealth
 * Level 5.2 Unarmed Combat
 + Level 3.3 Spellcasting
 + Level 3.5 Transmutations


You had 5 spell levels left.
You knew the following spells:

 Your Spells              Type           Power        Failure   Level  Hunger
a - Beastly Appendage     Trmt           ##....       17%         1    None
b - Sticks to Snakes      Trmt           ##........   24%         2    ##.....
c - Spider Form           Trmt/Pois      #.........   52%         3    ###....


Dungeon Overview and Level Annotations

Branches:
Dungeon (6/15)
 Temple: D:4-7

Altars:
Cheibriados
Fedhas
Gozag
Kikubaaqudgha
Ru
Sif Muna
Yredelemnul

Shops:
D:4 [


Innate Abilities, Weirdness & Mutations

((Your plain brown scales are hard (AC +6).))
Your body does not fit into most forms of armour.
((Your cold-blooded metabolism reacts poorly to cold.))


Message History

You are feeling hungry.
The quokka bites you but does no damage.
You bite the quokka!
You kill the quokka!
Cheibriados appreciates the change of pace.
The orc barely misses you. The orc priest barely misses you.
You hit the orc priest.
The orc priest is poisoned.
The orc priest is moderately wounded.
The orc hits you with a club.
You hit the orc priest.
The orc priest is severely wounded.
Your transformation is almost over.
The orc priest invokes the aid of Beogh against you.
Pain shoots through your body!
* * * LOW HITPOINT WARNING * * *
You bite the orc priest!
You kill the orc priest!
Cheibriados appreciates the change of pace.
The orc hits you with a club.
You die...

#............# #.# #.# #
#.##.#######.# .# #.# #
#.##.# . ..# #.##.# #.#
#....# .. #..#.# ...#
#..#.# ############...##
#..#.# #.......#..o.....
#..#.# #.....os#...>....
##.#.##
#.....o)#.o.......
#....###.......o.o....#
#..............####......
#....###.....))# .##
#.#.## #.......# #)#.#
######### #.#.# #<#.#


You could see 3 orcs.

Vanquished Creatures
  An ogre (D:4)
  2 scorpions (D:4)
  A giant frog zombie (D:6)
  A giant frog skeleton (D:4)
  An orc priest (D:4)
  An orc wizard (D:4)
  An iguana (D:6)
  Robin (D:3)
  3 gnolls (D:4)
  5 adders
  2 giant mites
  2 worms
  2 giant geckos
  An ooze (D:3)
  An orc (D:4)
  4 giant cockroaches (D:2)
  19 goblins
  8 hobgoblins
  A quokka (D:4)
  2 ball pythons
  5 bats
  3 giant newts
  2 jackals (D:6)
  A jackal skeleton (D:3)
  5 kobolds
  11 rats
  A spectral orc (D:2)
87 creatures vanquished.

Notes
Turn   | Place    | Note
--------------------------------------------------------------
     0 | D:1      | Siriah, the Draconian Transmuter, began the quest for the Orb.
     0 | D:1      | Reached XP level 1. HP: 16/16 MP: 3/3
   605 | D:1      | Reached XP level 2. HP: 23/23 MP: 1/4
  1036 | D:2      | Learned a level 2 spell: Sticks to Snakes
  1436 | D:2      | Reached XP level 3. HP: 19/28 MP: 6/6
  1627 | D:2      | Found a basalt altar of Yredelemnul.
  1985 | D:2      | Reached XP level 4. HP: 30/35 MP: 5/7
  2005 | D:2      | Reached skill level 4 in Unarmed Combat
  2244 | D:3      | Noticed Robin
  2394 | D:3      | Killed Robin
  2720 | D:3      | You fall through a shaft for 3 floors!
  2731 | D:6      | Reached XP level 5. HP: 37/41 MP: 9/9
  2739 | D:5      | Entered Level 5 of the Dungeon
  2808 | D:3      | Found a blossoming altar of Fedhas.
  3082 | D:3      | Learned a level 3 spell: Spider Form
  3103 | D:4      | Found a snail-covered altar of Cheibriados.
  3103 | D:4      | Found an ancient bone altar of Kikubaaqudgha.
  3111 | D:4      | Found a deep blue altar of Sif Muna.
  3113 | D:4      | Found a sacrificial altar of Ru.
  3116 | D:4      | Found an opulent altar of Gozag.
  3184 | D:4      | Became a worshipper of Cheibriados the Contemplative
  3219 | D:4      | Reached XP level 6. HP: 29/48 MP: 10/12
  3525 | D:4      | Found Xepn's Armour Boutique.
  3547 | D:4      | Noticed an ogre
  3570 | D:4      | Killed an ogre
  3570 | D:4      | Reached skill level 5 in Unarmed Combat
  3651 | D:4      | Slain by an orc

Action                   |  1- 3 |  4- 6 || total
-------------------------+-------+-------++-------
Melee: Unarmed           |   133 |   179 ||   312
Throw: Tomahawk          |       |    22 ||    22
 Cast: Beastly Appendage |    21 |    20 ||    41
       Sticks to Snakes  |       |     5 ||     5
       Spider Form       |       |     3 ||     3
 Stab: Sleeping          |     1 |       ||     1
  Eat: Chunk             |     4 |     6 ||    10
